PL
PHOENIX HOTSPUR @ BROOKLYN DODGERS
08/01/2030
 
TOP OF THE 1ST
Phoenix Hotspur batting - Pitching for Brooklyn Dodgers : LHP Addie Samson
Pitching: LHP Addie Samson
Batting: RHB Roland Deschain 0-0: Reached via error on a dropped throw, E3
Batting: RHB Kyle Bywaters 0-0: Ball
1-0: Ball
2-0: Called Strike
2-1: Ball
3-1: Foul Ball, location: 2F
3-2: Base on Balls
Roland Deschain to second
Batting: RHB John Downing 0-0: Called Strike
0-1: Called Strike
0-2: Grounds into double play, 6-4-3 (Groundball, 6)
Roland Deschain to third
Batting: RHB Gabriel Pérez 0-0: Ball
1-0: Swinging Strike
1-1: Ball
2-1: Ball
3-1: Base on Balls
Batting: LHB Shojiro Ueda 0-0: Ball
1-0: Called Strike
1-1: SINGLE (Line Drive, 56D)
Roland Deschain scores
Gabriel Pérez to second
Batting: RHB Pierre Bernard 0-0: Ball
1-0: Ball
2-0: Called Strike
2-1: Called Strike
2-2: Strikes out swinging
Top of the 1st over - 1 run, 1 hit, 1 error, 2 left on base; Phoenix 1 - Brooklyn 0
BOTTOM OF THE 1ST
Brooklyn Dodgers batting - Pitching for Phoenix Hotspur : LHP Alejandro Guerra
Pitching: LHP Alejandro Guerra
Batting: RHB Vincent Crane 0-0: Ball
1-0: SINGLE (Line Drive, 4D)
Batting: LHB Manuel Carmona 0-0: Ball
1-0: Called Strike
1-1: Foul Ball, location: 2F
1-2: Foul Ball, location: 2F
1-2: Strikes out swinging
Batting: LHB Jérôme Masson 0-0: Ball
1-0: Foul Ball, location: 2F
1-1: Ground out 4-3 (Groundball, 34D)
Vincent Crane to second
Batting: LHB Avon Barksdale 0-0: Ball
1-0: Ball
2-0: SINGLE (Groundball, 34) (infield hit)
Vincent Crane to third
Batting: RHB Gustavo Mateo 0-0: Ball
1-0: Ball
2-0: Foul Ball, location: 2F
2-1: Ground out 6-3 (Groundball, 6MS)
Bottom of the 1st over - 0 runs, 2 hits, 0 errors, 2 left on base; Phoenix 1 - Brooklyn 0
TOP OF THE 2ND
Phoenix Hotspur batting - Pitching for Brooklyn Dodgers : LHP Addie Samson
Batting: RHB Randy Rehling 0-0: Called Strike
0-1: Ball
1-1: Foul Ball, location: 2F
1-2: Strikes out swinging
Batting: RHB Alex Niemann 0-0: Fly out, F4 (Popup, 23)
Batting: LHB Wagaw Lukongolo 0-0: Called Strike
0-1: Ball
1-1: Ball
2-1: Ball
3-1: Foul Ball, location: 2F
3-2: TRIPLE (Flyball, 78XD)
Batting: RHB Roland Deschain 0-0: Called Strike
0-1: Ball
1-1: Foul Ball, location: 2F
1-2: Ball
2-2: Ball
3-2: Base on Balls
Batting: RHB Kyle Bywaters 0-0: Ground out 5-3 (Groundball, 56S)
Top of the 2nd over - 0 runs, 1 hit, 0 errors, 2 left on base; Phoenix 1 - Brooklyn 0
BOTTOM OF THE 2ND
Brooklyn Dodgers batting - Pitching for Phoenix Hotspur : LHP Alejandro Guerra
Batting: RHB Brent Ryan 0-0: Ball
1-0: Called Strike
1-1: Called Strike
1-2: Strikes out swinging
Batting: LHB Ki-tak Im 0-0: Called Strike
0-1: Called Strike
0-2: Fly out, F7 (Flyball, 78S)
Batting: SHB Juan Rivas 0-0: Ball
1-0: Called Strike
1-1: Ball
2-1: Called Strike
2-2: Foul Ball, location: 2F
2-2: Ball
3-2: Base on Balls
Batting: RHB Adrian Rodgers 0-0: Ground out U3 (Groundball, 3L)
Bottom of the 2nd over - 0 runs, 0 hits, 0 errors, 1 left on base; Phoenix 1 - Brooklyn 0
TOP OF THE 3RD
Phoenix Hotspur batting - Pitching for Brooklyn Dodgers : LHP Addie Samson
Batting: RHB John Downing 0-0: Swinging Strike
0-1: Swinging Strike
0-2: Foul Ball, location: 2F
0-2: Ball
1-2: Ball
2-2: SINGLE (Flyball, 9S)
Batting: RHB Gabriel Pérez 0-0: Ball
1-0: Ball
2-0: Ball
3-0: Called Strike
3-1: Grounds into double play, 6-4-3 (Groundball, 6)
Batting: LHB Shojiro Ueda 0-0: Called Strike
0-1: Ball
1-1: Foul Ball, location: 2F
1-2: SINGLE (Groundball, 6MD)
Batting: RHB Pierre Bernard 0-0: Foul Ball, location: 2F
0-1: Ball
1-1: Called Strike
1-2: Strikes out looking
Top of the 3rd over - 0 runs, 2 hits, 0 errors, 1 left on base; Phoenix 1 - Brooklyn 0
BOTTOM OF THE 3RD
Brooklyn Dodgers batting - Pitching for Phoenix Hotspur : LHP Alejandro Guerra
Batting: RHB Vincent Crane 0-0: Ball
1-0: Foul Ball, location: 2F
1-1: Ball
2-1: Foul Ball, location: 2F
2-2: Strikes out swinging
Batting: LHB Manuel Carmona 0-0: Foul Ball, location: 2F
0-1: Called Strike
0-2: Ball
1-2: Strikes out swinging
Batting: LHB Jérôme Masson 0-0: Ball
1-0: Called Strike
1-1: Ball
2-1: Ball
3-1: Foul Ball, location: 2F
3-2: Fly out, F8 (Flyball, 8LS)
Bottom of the 3rd over - 0 runs, 0 hits, 0 errors, 0 left on base; Phoenix 1 - Brooklyn 0
TOP OF THE 4TH
Phoenix Hotspur batting - Pitching for Brooklyn Dodgers : LHP Addie Samson
Batting: RHB Randy Rehling 0-0: Ball
1-0: Ball
2-0: Called Strike
2-1: Ball
3-1: Called Strike
3-2: Foul Ball, location: 2F
3-2: Strikes out looking
Batting: RHB Alex Niemann 0-0: Called Strike
0-1: SINGLE (Flyball, 8RS)
Batting: LHB Wagaw Lukongolo 0-0: Ball
1-0: Foul Ball, location: 2F
1-1: Ball
2-1: Foul Ball, location: 2F
2-2: Strikes out swinging
Batting: RHB Roland Deschain 0-0: Ball
1-0: Ball
2-0: Called Strike
2-1: Fielders Choice at 2nd, 6-4 (Groundball, 6)
Top of the 4th over - 0 runs, 1 hit, 0 errors, 1 left on base; Phoenix 1 - Brooklyn 0
BOTTOM OF THE 4TH
Brooklyn Dodgers batting - Pitching for Phoenix Hotspur : LHP Alejandro Guerra
Batting: LHB Avon Barksdale 0-0: Foul Ball, location: 2F
0-1: Ball
1-1: Ball
2-1: SOLO HOME RUN (Flyball, 9LD), Distance : 361 ft
Batting: RHB Gustavo Mateo 0-0: Ground out 6-3 (Groundball, 6)
Batting: RHB Brent Ryan 0-0: SOLO HOME RUN (Flyball, 7LD), Distance : 368 ft
Batting: LHB Ki-tak Im 0-0: Ball
1-0: DOUBLE (Line Drive, 89D)
Batting: SHB Juan Rivas 0-0: Called Strike
0-1: Ground out 6-3 (Groundball, 6)
Batting: RHB Adrian Rodgers 0-0: Foul Ball, location: 2F
0-1: Ball
1-1: Ball
2-1: Ground out 5-3 (Groundball, 5S)
Bottom of the 4th over - 2 runs, 3 hits, 0 errors, 1 left on base; Phoenix 1 - Brooklyn 2
TOP OF THE 5TH
Phoenix Hotspur batting - Pitching for Brooklyn Dodgers : LHP Addie Samson
Batting: RHB Kyle Bywaters 0-0: Foul Ball, location: 2F
0-1: Ball
1-1: Foul Ball, location: 2F
1-2: Foul Ball, location: 2F
1-2: Foul Ball, location: 2F
1-2: Foul Ball, location: 2F
1-2: Foul Ball, location: 2F
1-2: Ground out 3-1 (Groundball, 34)
Batting: RHB John Downing 0-0: Called Strike
0-1: Foul Ball, location: 2F
0-2: Fly out, F7 (Flyball, 7S)
Batting: RHB Gabriel Pérez 0-0: Ball
1-0: Swinging Strike
1-1: Ground out 6-3 (Groundball, 6)
Top of the 5th over - 0 runs, 0 hits, 0 errors, 0 left on base; Phoenix 1 - Brooklyn 2
BOTTOM OF THE 5TH
Brooklyn Dodgers batting - Pitching for Phoenix Hotspur : LHP Alejandro Guerra
Batting: RHB Vincent Crane 0-0: Foul Ball, location: 2F
0-1: Reached on error, E5 (Groundball, 56)
Batting: LHB Manuel Carmona 0-0: Called Strike
0-1: Ball
1-1: Ball
2-1: Called Strike
2-2: Ball
3-2: Base on Balls
Batting: LHB Jérôme Masson 0-0: Ball
1-0: Ball
2-0: Fly out, F9 (Flyball, 89M)
Batting: LHB Avon Barksdale 0-0: Grounds into double play, 4-6-3 (Groundball, 4)
Bottom of the 5th over - 0 runs, 0 hits, 1 error, 1 left on base; Phoenix 1 - Brooklyn 2
TOP OF THE 6TH
Phoenix Hotspur batting - Pitching for Brooklyn Dodgers : LHP Addie Samson
Batting: LHB Shojiro Ueda 0-0: Ball
1-0: Ball
2-0: Ball
3-0: Called Strike
3-1: Single, Error in OF, E9, batter to second base
Batting: RHB Pierre Bernard 0-0: Ball
1-0: Sac Bunt - play at first, batter OUT! 1-3
Shojiro Ueda to third
Batting: RHB Randy Rehling 0-0: Called Strike
0-1: Ball
1-1: Fly out, F9 (Line Drive, 89D)
Runner from 3rd tags up, SCORES, no throw
Batting: RHB Alex Niemann 0-0: Foul Ball, location: 2F
0-1: Swinging Strike
0-2: Foul Ball, location: 2F
0-2: SINGLE (Groundball, 34S) (infield hit)
Batting: LHB Wagaw Lukongolo 0-0: Called Strike
0-1: Ball
1-1: Fielders Choice at 2nd, 6-4 (Groundball, 6)
Top of the 6th over - 1 run, 2 hits, 1 error, 1 left on base; Phoenix 2 - Brooklyn 2
BOTTOM OF THE 6TH
Brooklyn Dodgers batting - Pitching for Phoenix Hotspur : LHP Alejandro Guerra
Batting: RHB Gustavo Mateo 0-0: Swinging Strike
0-1: Swinging Strike
0-2: Ball
1-2: Ball
2-2: Ball
3-2: Foul Ball, location: 2F
3-2: Ground out 6-3 (Groundball, 6)
Batting: RHB Brent Ryan 0-0: Ball
1-0: Ball
2-0: Fly out, F2 (Popup, 23F)
Batting: LHB Ki-tak Im 0-0: Called Strike
0-1: Ground out 6-3 (Groundball, 6)
Bottom of the 6th over - 0 runs, 0 hits, 0 errors, 0 left on base; Phoenix 2 - Brooklyn 2
TOP OF THE 7TH
Phoenix Hotspur batting - Pitching for Brooklyn Dodgers : LHP Addie Samson
Batting: RHB Roland Deschain 0-0: Fly out, F5 (Line Drive, 56)
Pitching: RHP John Bailey
Batting: RHB Kyle Bywaters 0-0: Ground out 6-3 (Groundball, 6)
Batting: RHB John Downing 0-0: Ball
1-0: Fly out, F6 (Line Drive, 6)
Top of the 7th over - 0 runs, 0 hits, 0 errors, 0 left on base; Phoenix 2 - Brooklyn 2
BOTTOM OF THE 7TH
Brooklyn Dodgers batting - Pitching for Phoenix Hotspur : LHP Alejandro Guerra
Pinch Hitting: RHB Ulbert Sutkamp 0-0: Ball
1-0: Called Strike
1-1: Swinging Strike
1-2: Foul Ball, location: 2F
1-2: Foul Ball, location: 2F
1-2: Strikes out swinging
Batting: RHB Adrian Rodgers 0-0: Called Strike
0-1: Fly out, F9 (Flyball, 9LMF)
Batting: RHB Vincent Crane 0-0: Swinging Strike
0-1: Ball
1-1: Swinging Strike
1-2: Strikes out looking
Bottom of the 7th over - 0 runs, 0 hits, 0 errors, 0 left on base; Phoenix 2 - Brooklyn 2
TOP OF THE 8TH
Phoenix Hotspur batting - Pitching for Brooklyn Dodgers : RHP John Bailey
Now in LF: Frank Sharp
Batting: RHB Gabriel Pérez 0-0: Called Strike
0-1: Ball
1-1: Ball
2-1: Called Strike
2-2: Strikes out swinging, 2-3 out at first.
Batting: LHB Shojiro Ueda 0-0: Ball
1-0: Ground out 1-3 (Groundball, 13S)
Batting: RHB Pierre Bernard 0-0: DOUBLE (Groundball, 5L)
Batting: RHB Randy Rehling 0-0: Swinging Strike
0-1: Ball
1-1: Swinging Strike
1-2: Strikes out looking
Top of the 8th over - 0 runs, 1 hit, 0 errors, 1 left on base; Phoenix 2 - Brooklyn 2
BOTTOM OF THE 8TH
Brooklyn Dodgers batting - Pitching for Phoenix Hotspur : LHP Alejandro Guerra
Batting: LHB Manuel Carmona 0-0: Swinging Strike
0-1: Ball
1-1: Foul Ball, location: 2F
1-2: Foul Ball, location: 2F
1-2: Ball
2-2: Ground out 4-3 (Groundball, 4S)
Pinch Hitting: RHB Oliver Aranda 0-0: Called Strike
0-1: Swinging Strike
0-2: Foul Ball, location: 2F
0-2: Ball
1-2: Strikes out swinging, 2-3 out at first.
Pinch Hitting: RHB Ethan Miller 0-0: Called Strike
0-1: Foul Ball, location: 2F
0-2: Strikes out looking
Bottom of the 8th over - 0 runs, 0 hits, 0 errors, 0 left on base; Phoenix 2 - Brooklyn 2
TOP OF THE 9TH
Phoenix Hotspur batting - Pitching for Brooklyn Dodgers : RHP John Bailey
Pitching: LHP Sjaak Bonne
Now at C: Ethan Miller
Now in RF: Oliver Aranda
Batting: RHB Alex Niemann 0-0: Fly out, F9 (Flyball, 9)
Batting: LHB Wagaw Lukongolo 0-0: Ball
1-0: Called Strike
1-1: Ball
2-1: Ball
3-1: Base on Balls
Batting: RHB Roland Deschain 0-0: Called Strike
0-1: SINGLE (Line Drive, 6MD)
Wagaw Lukongolo to second
Runner from 2nd tries for 3rd, SAFE, throw made to third
Batting: RHB Kyle Bywaters 0-0: Squeeze Bunt - play home, runner OUT, batter safe! 1-2
Roland Deschain to second
Batting: RHB John Downing 0-0: Ball
1-0: Ball
2-0: Foul Ball, location: 2F
2-1: Ball
3-1: Swinging Strike
3-2: Strikes out swinging
Top of the 9th over - 0 runs, 1 hit, 0 errors, 2 left on base; Phoenix 2 - Brooklyn 2
BOTTOM OF THE 9TH
Brooklyn Dodgers batting - Pitching for Phoenix Hotspur : LHP Alejandro Guerra
Batting: RHB Gustavo Mateo 0-0: Ground out 5-3 (Groundball, 56S)
Batting: RHB Brent Ryan 0-0: Foul Ball, location: 2F
0-1: Swinging Strike
0-2: Ball
1-2: Ball
2-2: Strikes out swinging
Batting: LHB Ki-tak Im 0-0: Called Strike
0-1: Ground out U3 (Groundball, 3S)
Bottom of the 9th over - 0 runs, 0 hits, 0 errors, 0 left on base; Phoenix 2 - Brooklyn 2
TOP OF THE 10TH
Phoenix Hotspur batting - Pitching for Brooklyn Dodgers : LHP Sjaak Bonne
Batting: RHB Gabriel Pérez 0-0: Fly out, F7 (Flyball, 78S)
Batting: LHB Shojiro Ueda 0-0: Ball
1-0: Ball
2-0: Ball
3-0: Called Strike
3-1: SINGLE (Groundball, 15S) (infield hit)
Batting: RHB Pierre Bernard 0-0: Called Strike
0-1: Ball
1-1: Swinging Strike
1-2: Ball
2-2: Strikes out swinging
Batting: RHB Randy Rehling 0-0: Ground out 4-3 (Groundball, 4M)
Top of the 10th over - 0 runs, 1 hit, 0 errors, 1 left on base; Phoenix 2 - Brooklyn 2
BOTTOM OF THE 10TH
Brooklyn Dodgers batting - Pitching for Phoenix Hotspur : LHP Alejandro Guerra
Batting: LHB Frank Sharp 0-0: Ball
1-0: Foul Ball, location: 2F
1-1: Ball
2-1: Foul Ball, location: 2F
2-2: Ball
3-2: Fly out, F7 (Line Drive, 78D)
Batting: RHB Adrian Rodgers 0-0: Ball
1-0: Called Strike
1-1: Fly out, F7 (Flyball, 7D)
Batting: RHB Vincent Crane 0-0: Ball
1-0: Ground out 4-3 (Groundball, 4)
Bottom of the 10th over - 0 runs, 0 hits, 0 errors, 0 left on base; Phoenix 2 - Brooklyn 2
TOP OF THE 11TH
Phoenix Hotspur batting - Pitching for Brooklyn Dodgers : LHP Sjaak Bonne
Pitching: RHP Luis Bejarano
Batting: RHB Alex Niemann 0-0: Called Strike
0-1: Called Strike
0-2: Strikes out swinging
Batting: LHB Wagaw Lukongolo 0-0: Ball
1-0: Ball
2-0: Ball
3-0: Called Strike
3-1: Base on Balls
Batting: RHB Roland Deschain 0-0: Called Strike
0-1: Ball
1-1: Called Strike
Wagaw Lukongolo steals 2nd base
1-2: Hit by Pitch
Batting: RHB Kyle Bywaters 0-0: Called Strike
0-1: Ground out 5-3 (Groundball, 5S)
Wagaw Lukongolo to third
Roland Deschain to second
Batting: RHB John Downing 0-0: Ball
1-0: Ball
2-0: Foul Ball, location: 2F
2-1: SINGLE (Groundball, 6MD)
Wagaw Lukongolo scores
Roland Deschain to third
Runner from 3rd tries for Home, SAFE, no throw
Batting: RHB Gabriel Pérez 0-0: Ball
1-0: Foul Ball, location: 2F
1-1: Foul Ball, location: 2F
1-2: Strikes out looking
Top of the 11th over - 2 runs, 1 hit, 0 errors, 1 left on base; Phoenix 4 - Brooklyn 2
BOTTOM OF THE 11TH
Brooklyn Dodgers batting - Pitching for Phoenix Hotspur : LHP Alejandro Guerra
Batting: LHB Manuel Carmona 0-0: Called Strike
0-1: Ball
1-1: Ground out 5-3 (Groundball, 56S)
Pitching: RHP Mitchell Atwell
Batting: RHB Oliver Aranda 0-0: SINGLE (Groundball, 56D)
Batting: RHB Ethan Miller 0-0: Foul Ball, location: 2F
0-1: 2-RUN HOME RUN (Flyball, 7D), Distance : 388 ft
Batting: RHB Gustavo Mateo 0-0: Swinging Strike
0-1: Ball
1-1: Foul Ball, location: 2F
1-2: Ball
2-2: Strikes out swinging
Batting: RHB Brent Ryan 0-0: Ball
1-0: Fly out, F7 (Flyball, 7)
Bottom of the 11th over - 2 runs, 2 hits, 0 errors, 0 left on base; Phoenix 4 - Brooklyn 4
TOP OF THE 12TH
Phoenix Hotspur batting - Pitching for Brooklyn Dodgers : RHP Luis Bejarano
Batting: LHB Shojiro Ueda 0-0: Called Strike
0-1: Ground out 6-3 (Groundball, 6)
Batting: RHB Pierre Bernard 0-0: Called Strike
0-1: Swinging Strike
0-2: Ball
1-2: Ball
2-2: Ball
3-2: Foul Ball, location: 2F
3-2: Base on Balls
Batting: RHB Randy Rehling 0-0: Called Strike
0-1: Ball
1-1: Ball
2-1: Fly out, F8 (Flyball, 8LS)
Batting: RHB Alex Niemann 0-0: Foul Ball, location: 2F
0-1: Foul Ball, location: 2F
0-2: Ball
1-2: Foul Ball, location: 2F
1-2: Foul Ball, location: 2F
1-2: Strikes out swinging
Top of the 12th over - 0 runs, 0 hits, 0 errors, 1 left on base; Phoenix 4 - Brooklyn 4
BOTTOM OF THE 12TH
Brooklyn Dodgers batting - Pitching for Phoenix Hotspur : RHP Mitchell Atwell
Pitching: RHP Richard Osborn
Batting: LHB Ki-tak Im 0-0: Called Strike
0-1: Ball
1-1: Called Strike
1-2: Ball
2-2: SINGLE (Groundball, 3D)
Batting: LHB Frank Sharp 0-0: Ball
Ki-tak Im steals 2nd base
1-0: Intentional Walk
Batting: RHB Adrian Rodgers 0-0: Ball
1-0: Called Strike
1-1: Foul Ball, location: 2F
1-2: Foul Ball, location: 2F
1-2: Ball
2-2: Strikes out swinging
Batting: RHB Vincent Crane 0-0: Foul Ball, location: 2F
0-1: Grounds into double play, 4-6-3 (Groundball, 4)
Bottom of the 12th over - 0 runs, 1 hit, 0 errors, 1 left on base; Phoenix 4 - Brooklyn 4
TOP OF THE 13TH
Phoenix Hotspur batting - Pitching for Brooklyn Dodgers : RHP Luis Bejarano
Pitching: LHP Scott Mildren
Batting: LHB Wagaw Lukongolo 0-0: SINGLE (Groundball, 3D)
Batting: RHB Roland Deschain 0-0: Bunted foul
0-1: Bunt - Flyout! F1
Batting: RHB Kyle Bywaters 0-0: Ball
1-0: Ball
2-0: Ball
3-0: Base on Balls
Wagaw Lukongolo to second
Batting: RHB John Downing 0-0: Ball
1-0: Called Strike
1-1: Foul Ball, location: 2F
1-2: Foul Ball, location: 2F
1-2: Strikes out swinging
Batting: RHB Gabriel Pérez 0-0: Ball
1-0: Ball
2-0: Called Strike
2-1: Ball
3-1: Swinging Strike
3-2: Ground out 6-3 (Groundball, 6)
Top of the 13th over - 0 runs, 1 hit, 0 errors, 2 left on base; Phoenix 4 - Brooklyn 4
BOTTOM OF THE 13TH
Brooklyn Dodgers batting - Pitching for Phoenix Hotspur : RHP Richard Osborn
Batting: LHB Manuel Carmona 0-0: Foul Ball, location: 2F
0-1: SINGLE (Line Drive, 34D)
Batting: RHB Oliver Aranda 0-0: Swinging Strike
0-1: Foul Ball, location: 2F
0-2: Ball
1-2: Ball
2-2: Strikes out swinging
Batting: RHB Ethan Miller 0-0: Ball
1-0: Ground out 5-3 (Groundball, 56S)
Manuel Carmona to second
Batting: RHB Gustavo Mateo 0-0: Called Strike
0-1: Swinging Strike
0-2: Ground out 6-3 (Groundball, 6)
Bottom of the 13th over - 0 runs, 1 hit, 0 errors, 1 left on base; Phoenix 4 - Brooklyn 4
TOP OF THE 14TH
Phoenix Hotspur batting - Pitching for Brooklyn Dodgers : LHP Scott Mildren
Batting: LHB Shojiro Ueda 0-0: Called Strike
0-1: Swinging Strike
0-2: Strikes out swinging
Batting: RHB Pierre Bernard 0-0: SINGLE (Groundball, 4D)
Batting: RHB Randy Rehling 0-0: Grounds into double play, 5-4-3 (Groundball, 5)
Top of the 14th over - 0 runs, 1 hit, 0 errors, 0 left on base; Phoenix 4 - Brooklyn 4
BOTTOM OF THE 14TH
Brooklyn Dodgers batting - Pitching for Phoenix Hotspur : RHP Richard Osborn
Batting: RHB Brent Ryan 0-0: Fly out, F6 (Popup, 6)
Batting: LHB Ki-tak Im 0-0: Ball
1-0: Foul Ball, location: 2F
1-1: Ball
2-1: Foul Ball, location: 2F
2-2: Foul Ball, location: 2F
2-2: Ground out U3 (Groundball, 34)
Batting: LHB Frank Sharp 0-0: Ball
1-0: Fly out, F8 (Line Drive, 78D)
Bottom of the 14th over - 0 runs, 0 hits, 0 errors, 0 left on base; Phoenix 4 - Brooklyn 4
TOP OF THE 15TH
Phoenix Hotspur batting - Pitching for Brooklyn Dodgers : LHP Scott Mildren
Pitching: RHP Víctor García
Batting: RHB Alex Niemann 0-0: Ground out 5-3 (Groundball, 56)
Batting: LHB Wagaw Lukongolo 0-0: Ball
1-0: Ball
2-0: Ball
3-0: Called Strike
3-1: Foul Ball, location: 2F
3-2: Foul Ball, location: 2F
3-2: Strikes out looking
Batting: RHB Roland Deschain 0-0: Ground out 5-3 (Groundball, 56)
Top of the 15th over - 0 runs, 0 hits, 0 errors, 0 left on base; Phoenix 4 - Brooklyn 4
BOTTOM OF THE 15TH
Brooklyn Dodgers batting - Pitching for Phoenix Hotspur : RHP Richard Osborn
Batting: RHB Adrian Rodgers 0-0: Ball
1-0: Ball
2-0: Called Strike
2-1: SOLO HOME RUN (Flyball, 7LD), Distance : 339 ft
Sunday, March 18th, 2018 - OOTP Baseball 18.8 Build 76